 Dungeon Crawl Stone Soup version 0.31.0-11-ge490571c62 (webtiles) character file.

Game seed: 15499490195712781912

122 qw the Shooter (level 4, -2/23 HPs)
             Began as a Spriggan Hunter on Feb 3, 2024.
             Slain by a frilled lizard (3 damage)
             ... on level 3 of the Dungeon.
             The game lasted 00:00:05 (1571 turns).

qw the Shooter (Spriggan Hunter)                    Turns: 1571, Time: 00:00:06

Health: -2/23      AC:  2    Str:  6 (7)  XL:     4   Next: 78%
Magic:  5/5        EV: 19    Int:  8 (10) God:
Gold:   132        SH:  0    Dex: 17 (20) Spells: 3/3 levels left

rFire   . . .        a - +0 shortbow
rCold   . . .        (shield currently unavailable)
rNeg    + . .        c - +0 robe
rPois   .            (helmet restricted)
rElec   .            (no cloak)
rCorr   .            (gloves unavailable)
SInv    +            (boots unavailable)
Will    .....        (no amulet)
Stlth   ++           i - ring of positive energy
HPRegen 0.23/turn    (no ring)
MPRegen 0.09/turn

%: no passive effects
@: very quick
A: very small, no large weapons, unfitting armour, see invisible, speed 3
a: no special abilities


You were on level 3 of the Dungeon.
You visited 1 branch of the dungeon, and saw 3 of its levels.

You collected 132 gold pieces.


Innate Abilities, Weirdness & Mutations

You are very small and have problems with some larger weapons.
You are too small for most types of armour.
You have supernaturally acute eyesight. (SInv)
You cover ground extremely quickly. (Speed+++)


   Skills:
 - Level 2.0 Fighting
 + Level 5.1 Ranged Weapons
 - Level 4.8 Dodging
 - Level 1.5 Stealth


You had 3 spell levels left.
You didn't know any spells.
Your spell library was empty.

Inventory:

Hand Weapons
 a - a +0 shortbow (weapon)
Armour
 c - a +0 robe (worn)
Jewellery
 i - a ring of positive energy (left hand)
Potions
 d - a potion of lignification {unknown}
 e - a potion of resistance {unknown}
 f - 2 potions of enlightenment {unknown}
 h - a potion of magic {unknown}
 j - a potion of haste {unknown}

Dungeon Overview and Level Annotations

Branches:
Dungeon (3/15)

Altars:
Qazlal


Message History

You shoot an arrow. The gnoll shouts!
The arrow hits the gnoll.
You kill the gnoll!
You shoot an arrow. The arrow barely misses the gnoll.
The arrow hits the gnoll but does no damage.
You shoot an arrow. The arrow hits the gnoll.
The gnoll is moderately wounded.
You shoot an arrow. The arrow closely misses the gnoll.
A frilled lizard comes into view.
You shoot an arrow. The arrow completely misses the gnoll.
The frilled lizard hisses angrily.
You shoot an arrow. The arrow hits the gnoll.
The gnoll is lightly wounded.
You shoot an arrow. The arrow hits the gnoll.
The gnoll is heavily wounded.
You shoot an arrow. The arrow hits the gnoll!
You kill the gnoll!
Your Fighting skill increases to level 2!
You shoot an arrow. The arrow barely misses the gnoll.
You shoot an arrow. The arrow hits the gnoll.
The gnoll is moderately wounded.
The gnoll hits you with a +0 flail.
You shoot an arrow. The arrow barely misses the gnoll.
The gnoll misses you. The gnoll barely misses you.
The gnoll completely misses you. The gnoll hits you with a +0 flail!
The frilled lizard barely misses you.
You shoot an arrow. The arrow hits the gnoll!
You kill the gnoll!
The gnoll closely misses you. The frilled lizard bites you.
You feel your strength returning.
You shoot an arrow. The arrow hits the gnoll.
The gnoll is lightly wounded.
The gnoll barely misses you. The frilled lizard closely misses you.
You shoot an arrow. The arrow closely misses the gnoll.
The gnoll hits you with a +0 club. The frilled lizard barely misses you.
You shoot an arrow. The arrow hits the gnoll.
The gnoll is heavily wounded.
The gnoll hits you with a +0 club! The frilled lizard bites you.
You die...

## ... #############
.#.# ............#
##....
###########.######[.)#.#
#####.......)#.... #
#.........)l...>.. #
#.######.#@g###.. # #.#
#.#..# # #.# #.#..# #
#.# #.#... # #.# #.#.###
# #.# #.#.# # #.# #.#.#
#.# #.# #######.#


You could see a gnoll and a frilled lizard.

Vanquished Creatures
  2 adders (D:2)
  4 gnolls
  2 ribbon worms (D:2)
  10 endoplasms
  A giant cockroach (D:2)
  3 goblins (D:2)
  5 hobgoblins
  13 jackals
  2 quokkas
  5 ball pythons (D:1)
  4 bats
  A frilled lizard (D:1)
  3 kobolds
  3 rats
58 creatures vanquished.

Notes
Turn   | Place    | Note
-------+----------+-------------------------------------------
     0 | D:1      | qw the Spriggan Hunter began the quest for the Orb.
     0 | D:1      | Reached XP level 1. HP: 10/10 MP: 2/2
     0 | D:1      | 0 ||| qw: Version: 0.3-a-155-g5e7d8dd
     0 | D:1      | 0 ||| qw: Game counter: 3470
     0 | D:1      | 0 ||| qw: Melee chars always use a shield: true
     0 | D:1      | 0 ||| qw: God list: Okawaru
     0 | D:1      | 0 ||| qw: Allow faded altars: false
     0 | D:1      | 0 ||| qw: Do Orc after clearing Dungeon:15 true
     0 | D:1      | 0 ||| qw: Do second Lair branch before Depths: true
     0 | D:1      | 0 ||| qw: Lair rune preference: random
     0 | D:1      | 0 ||| qw: Goals: Normal
     0 | D:1      | 0 ||| PLANNING D:1-11
    54 | D:1      | Reached skill level 3 in Dodging
    57 | D:1      | Reached XP level 2. HP: 7/14 MP: 3/3
   336 | D:1      | Reached XP level 3. HP: 18/18 MP: 4/4
   834 | D:1      | 834 ||| READING scroll labelled LEJALI JOIJOA.
   835 | D:1      | 835 ||| READING scroll labelled DEISYLUEPNETE.
   836 | D:1      | 836 ||| READING scroll labelled FAERIFOCAU.
   937 | D:1      | 937 ||| READING scroll labelled KOWO HIADOL.
   938 | D:1      | 938 ||| DROPPING scroll of butterflies.
  1037 | D:2      | Reached skill level 5 in Ranged Weapons
  1124 | D:2      | Reached XP level 4. HP: 22/22 MP: 5/5
  1174 | D:2      | Found a stormy altar of Qazlal.
  1423 | D:2      | 1423 ||| UPGRADING to ring of positive energy.
  1424 | D:2      | 1424 ||| READING scroll labelled MEDWOK TYESIN.
  1424 | D:2      | 1424 ||| IDENTIFYING white potion
  1425 | D:2      | 1425 ||| DRINKING 2 brown potions.
  1426 | D:2      | 1426 ||| DROPPING potion of attraction.
  1427 | D:2      | 1427 ||| DROPPING potion of degeneration.
  1571 | D:3      | HP: 1/23 [gnoll/+0 club (7)]
  1571 | D:3      | Slain by a frilled lizard

Levels and vault maps discovered:
D:1:      ncdulo_halloftheorcs, layout_loops_corners
D:2:      layout_rooms, basic_altar, grunt_ministairs_6
D:3:      layout_loops_ring, nicolae_ashenzari_skybound, serial_glass,
          glass_columns_a, glass_columns_a, hangedman_decor_clover_reticule

Skill      XL: |  1  2  3  4 |
---------------+-------------+-----
Dodging        | 3 4 |  4.8
Ranged Weapons | 5 |  5.1
Fighting       | 2 |  2.0
Stealth        | |  1.5

Action                     |  1- 3 |  4- 6 || total
---------------------------+-------+-------++-------
   Fire: Shortbow          |   101 |    59 ||   160
    Use: Scroll            |     4 |     1 ||     5
         Potion            |       |     1 ||     1
 Armour: Robe              |     9 |     8 ||    17
  Dodge: Dodged            |    48 |    22 ||    70

Table legend:
 A = Non-vault XP
 B = Vault XP
 C = Vault XP percentage of total XP
 D = Non-vault monster count
 E = Vault monster count
 F = Vault count percentage of total count
                 A         B        C        D         E       F
            +---------+---------+-------+---------+---------+-------
      Total |     161 |      14 |   8.0 |      56 |       2 |   3.4
            +---------+---------+-------+---------+---------+-------
        D:1 |      64 |       0 |   0.0 |      32 |       0 |   0.0
        D:2 |      55 |      14 |  20.3 |      21 |       2 |   8.7
        D:3 |      42 |       0 |   0.0 |       3 |       0 |   0.0
            +---------+---------+-------+---------+---------+-------
